 Dungeon Crawl Stone Soup version 0.24-a0-176-gc3651c4 (webtiles) character file.

Game seed: 13364762603583964975

42 Inarius the Sneak (level 3, 27/27 HPs)
             Began as a Demonspawn Assassin on Mar 12, 2019.
             Was a Follower of Vehumet.
             Got out of the dungeon alive.
             The game lasted 00:01:37 (855 turns).

Inarius the Sneak (Demonspawn Assassin)              Turns: 855, Time: 00:01:37

Health: 27/27      AC:  3    Str: 12    XL:     3   Next: 33%
Magic:  3/3        EV: 11    Int: 12    God:    Vehumet [*.....]
Gold:   46         SH:  0    Dex: 14    Spells: 2/2 levels left

rFire    . . .     SeeInvis .   a - +2 dagger
rCold    . . .     Gourm    .   (no shield)
rNeg     . . .     Faith    .   c - +0 robe
rPois    .         Spirit   .   (helmet restricted)
rElec    .         Reflect  .   d - +0 cloak
rCorr    .         Harm     .   (no gloves)
MR       .....                  (no boots)
Stlth    +++.......             (no amulet)
HPRegen  0.09/turn              (no ring)
MPRegen  0.08/turn              (no ring)

@: no status effects
A: horns 1, powered by death 1
a: Renounce Religion


You escaped.
You worshipped Vehumet.
Vehumet was aware of your devotion.
You were not hungry.

You visited 1 branch of the dungeon, and saw 2 of its levels.

You collected 46 gold pieces.

Inventory:

Hand Weapons
 a - a +2 dagger (weapon)
 b - a +0 blowgun
Missiles
 e - 8 poisoned needles
 f - 2 curare-tipped needles
Armour
 c - a +0 robe (worn)
 d - a +0 cloak (worn)
Scrolls
 i - a scroll of remove curse {unknown}
 j - a scroll of fear {unknown}
 m - a scroll of immolation {unknown}
 o - 3 scrolls of blinking {unknown}
Potions
 h - 2 potions of degeneration {unknown}
 l - a potion of curing {unknown}
 n - a potion of magic {unknown}
Comestibles
 g - 5 rations


   Skills:
 + Level 2.3 Fighting
 + Level 2.1 Short Blades
 + Level 1.9 Throwing
 + Level 0.8 Dodging
 + Level 4.5 Stealth


You had 2 spell levels left.
You didn't know any spells.
Your spell library was empty.

Dungeon Overview and Level Annotations

Branches:
Dungeon (2/15)

Altars:
Cheibriados
Vehumet
Xom
Yredelemnul
Zin


Innate Abilities, Weirdness & Mutations

You have a pair of small horns on your head.
You regenerate a little health from kills.


Message History

No target in view!
No target in view!
No target in view!
No target in view!
No target in view!
You cannot tell which god this altar belongs to.
Convert to them anyway?
Vehumet accepts your prayer! Vehumet welcomes you!
You can now gain magical power from killing.
Vehumet offers you knowledge of Flame Tongue.
(D) Dungeon
Where to? (Enter - D:2, ? - help)
Found a ration.
There is a stone staircase leading up here.
You climb upwards.
There is a stone staircase leading down here.
Unknown command.
There is a staircase leading out of the dungeon here.
Are you sure you want to leave the Dungeon?
This will make you lose the game!
You have escaped!

##≈≈≈≈≈.≈≈≈≈###
##≈≈≈≈≈≈.≈...#
#≈≈≈≈........#
#≈≈#.........#
#≈≈≈#.........#
#≈≈##.........#
#.........#
#.........#
#@.......>#
###########


There were no monsters in sight!

Vanquished Creatures
  A gnoll (D:1)
  A dart slug (D:1)
  3 leopard geckos (D:1)
  4 bats (D:1)
  A giant cockroach (D:1)
  2 hobgoblins (D:1)
  A quokka (D:2)
  3 goblins (D:1)
  5 kobolds (D:1)
  6 rats
27 creatures vanquished.

Notes
Turn   | Place    | Note
-------+----------+-------------------------------------------
     0 | D:1      | Inarius the Demonspawn Assassin began the quest for the
                  | Orb.
     0 | D:1      | Reached XP level 1. HP: 16/16 MP: 1/1
    42 | D:1      | Reached skill level 4 in Stealth
    42 | D:1      | Gained mutation: You regenerate a little health from kills.
                  | [demonic ancestry]
    42 | D:1      | Reached XP level 2. HP: 22/22 MP: 2/2
   284 | D:1      | Gained mutation: You have a pair of small horns on your
                  | head. [demonic ancestry]
   284 | D:1      | Reached XP level 3. HP: 25/27 MP: 3/3
   574 | D:1      | Found a snail-covered altar of Cheibriados.
   576 | D:1      | Found an ornate altar of the Wu Jian Council.
   576 | D:1      | Found a hide-covered altar of Uskayaw.
   582 | D:1      | Found a basalt altar of Yredelemnul.
   582 | D:1      | Found a shimmering altar of Xom.
   582 | D:1      | Found a glowing silver altar of Zin.
   821 | D:2      | Found a faded altar of an unknown god.
   829 | D:2      | Became a worshipper of Vehumet
   829 | D:2      | Reached * piety under Vehumet
   829 | D:2      | Offered knowledge of Flame Tongue by Vehumet.
   855 | D:$      | Got out of the dungeon alive.

Levels and vault maps discovered:
D:1:      lemuel_arrival_river_bridge, layout_basic, doesnt_xom_only_xom
D:2:      layout_basic, elyvilon_altar_4, chequers_ecumenical_altar_simple

Skill      XL: |  1  2 |
---------------+-------+-----
Stealth        | 4 |  4.5
Short Blades   | 2 |  2.1
Fighting       | |  2.3
Throwing       | |  1.9
Dodging        | |  0.8

Action                   || total
-------------------------++-------
Melee: Dagger            ||    68
       Headbutt          ||     3
 Stab: Sleeping          ||     5
Armor: Robe              ||    16
Dodge: Dodged            ||    32

Table legend:
 A = Non-vault XP
 B = Vault XP
 C = Vault XP percentage of total XP
 D = Non-vault monster count
 E = Vault monster count
 F = Vault count percentage of total count
                 A         B        C        D         E       F
            +---------+---------+-------+---------+---------+-------
      Total |      60 |       0 |   0.0 |      27 |       0 |   0.0
            +---------+---------+-------+---------+---------+-------
        D:1 |      57 |       0 |   0.0 |      25 |       0 |   0.0
        D:2 |       3 |       0 |   0.0 |       2 |       0 |   0.0
            +---------+---------+-------+---------+---------+-------
